 Dungeon Crawl Stone Soup version 0.31-a0-705-ga145531891 (webtiles) character file.

Game seed: 14462034394664162137

495 ytrimaz the Insei (level 7, -7/43 HPs)
             Began as an Octopode Shapeshifter on Sept 10, 2023.
             Was a Follower of Ashenzari.
             Mangled by an ogre
             ... wielding a +0 giant club
              (18 damage)
             ... on level 5 of the Dungeon.
             The game lasted 00:03:12 (3167 turns).

ytrimaz the Insei (Octopode Shapeshifter)           Turns: 3167, Time: 00:03:13

Health: -7/43      AC:  1    Str: 13    XL:     7   Next: 15%
Magic:  7/7        EV: 13    Int: 13    God:    Ashenzari [*.....]
Gold:   167        SH:  0    Dex: 13    Spells: 6/6 levels left

rFire   . .          .
                       - Unarmed
rCold   + . .        (no shield)
rNeg    . . .        (helmet currently unavailable)
rPois   .            a - amulet of the Fated Gnosis {Regen+, Self, Elem} (curse)
rElec   .            o - ring of the Unyielding Gaze {rC+, Cun, Alch} (curse)
rCorr   .            p - ring of willpower
SInv    .            (no ring)
Will    +....        (no ring)
Stlth   ++           (no ring)
HPRegen 1.07/turn    (no ring)
MPRegen 0.10/turn    (no ring)
                     (no ring)

%: no passive effects
@: beast-form
A: beast (slay +3), almost no armour, amphibious, 8 rings, camouflage 1,
gelatinous body 1, (nimble swimmer 1), tentacles
a: Begin Untransformation, Renounce Religion, Shatter the Chains


You were on level 5 of the Dungeon.
You worshipped Ashenzari.
Ashenzari was aware of your devotion.
You were a hulking beast.
You visited 1 branch of the dungeon, and saw 5 of its levels.

You collected 227 gold pieces.
You spent 60 gold pieces at shops.


Innate Abilities, Weirdness & Mutations

You are a hulking beast.
Your limbs bulge with bestial killing power. (Slay +3)
You cannot wear most types of armour.
You are amphibious.
You can wear up to eight rings at the same time.
Your skin changes colour to match your surroundings (Stealth+).
Your rubbery body absorbs attacks. (AC +1, EV +1)
((You are camouflaged when in or above water. (Stealth+)))
You have tentacles for arms and can constrict up to eight enemies at once.


   Skills:
 - Level 1.0(1.4) Fighting
 - Level 2.0(2.6) Dodging
 + Level 6.0 Unarmed Combat
 + Level 5.5 Shapeshifting


You had 6 spell levels left.
You didn't know any spells.
Your spell library contained the following spells:

 Spells                   Type           Power      Damage    Failure   Level
 Apportation              Tloc           0%         N/A       30%         1
 Foxfire                  Conj/Fire      0%         2x1d4     30%         1
 Necrotise                Necr           0%         1d4       30%         1
 Summon Small Mammal      Summ           0%         N/A       30%         1
 Passwall                 Tmut/Erth      0%         N/A       41%         2
 Ensorcelled Hibernation  Hex/Ice        0%         N/A       43%         2
 Swiftness                Air            0%         N/A       65%         3
 Tukima's Dance           Hex            0%         N/A       67%         3
 Dimensional Bullseye     Hex/Tloc       0%         N/A       97%         4
 Iskenderun's Mystic Bla  Conj/Tloc      0%         2d3       97%         4
 Alistair's Intoxication  Tmut/Pois      0%         N/A       100%        5
 Freezing Cloud           Conj/Ice/Air   0%         6-21      100%        5
 Orb of Destruction       Conj           0%         9d5       100%        7

Inventory:

Jewellery
 a - the cursed amulet of the Fated Gnosis (around mantle) {Regen+, Self, Elem}
   (You found it on level 1 of the Dungeon)

   [amulet of regeneration]

   Regen+:    It increases your rate of health regeneration.
   It has a curse which improves the following skills: Introspection: Fighting
   and Spellcasting.
   Elements:  Fire Magic, Ice Magic, Air Magic and Earth Magic.
 h - a ring of ice
   (You found it on level 2 of the Dungeon)
 o - the cursed ring of the Unyielding Gaze (left tentacle) {rC+, Cun, Alch}
   (You found it on level 4 of the Dungeon)

   [ring of protection from cold]

   rC+:       It protects you from cold.
   It has a curse which improves the following skills: Cunning: Dodging and
   Stealth.
   Alchemy:   Poison Magic and Transmutations.
 p - a ring of willpower (right tentacle)
   (You found it on level 5 of the Dungeon)
Talismans
 b - a beast talisman (active)
 c - a flux talisman
Wands
 d - a wand of paralysis (6)
   (You found it on level 4 of the Dungeon)
Scrolls
 e - a scroll of vulnerability
 g - a scroll of teleportation
 j - a scroll of immolation
 k - a scroll of blinking
 l - 2 scrolls of identify
 m - a scroll of fog
 n - a scroll of enchant armour
Potions
 f - 3 potions of might
 i - 5 potions of curing

Dungeon Overview and Level Annotations

Branches:
Dungeon (5/15) Zot: 26521  Temple (0/1) D:4

Altars:
Ashenzari
Cheibriados
Qazlal

Shops:
D:1 * D:2

[[? #.############ #.#
#..........
#............. ...
#).########
#..###.###..##
#..###...## #..# #.#
#..# #..##.###.####
##.###'# #.. .##.#
#.##.## #.###_+ ...
..##.###...#.##
#.###'#
#.#####..##....###.(..
##.# #.#
#.##..O..##.#### #####
#..###.###....h.# #.#
#..........##.#.#.##.#
#.#.#.##.....?....##.#
#......######.#.###
###........##[#.#
##...###.##.#.# ##.##
#.#.# #.# ..#.# #.#
###


You could see an ogre.


Message History

You regained 5 hp, and now have 34/43 hp.
Your mp is fully restored (7).
You see here a hound corpse. 😕 HP[+1] No target in view!
A white imp comes into view. 😎 HP[+8]
Your hp is fully restored (43).
A white imp is nearby!
A white imp is nearby!
The white imp gestures at you. The puff of frost hits you. You resist. 😕 HP[-4]
You take 4 damage, and now have 39/43 hp. 😕 HP[+1]
The white imp gestures at you. The puff of frost hits you. You resist. 😕 HP[-5]
You take 5 damage, and now have 35/43 hp.
The white imp barely misses you. 😕 HP[+1] Unknown command.
You tentacle-slap the white imp. Your grab misses the white imp.
The white imp gestures at you. The puff of frost hits you. You resist. 😕 HP[-3]
You take 3 damage, and now have 33/43 hp.
You tentacle-slap the white imp but do no damage.
You grab the white imp. You constrict the white imp.
The white imp barely misses you. 😕 HP[+1] Unknown command.
You tentacle-slap the white imp. You squeeze the white imp.
You kill the white imp! 😕 HP[+1] 😕 HP[+1] No target in view!
You now have 136 gold pieces (gained 6).
Found a stone staircase leading up. 😎 HP[+7]
Your hp is fully restored (43).
Key pressed, stopping explore.
Key pressed, stopping explore.
Found a stone staircase leading down.
You see here 7 stones.
Key pressed, stopping explore.
You now have 143 gold pieces (gained 7).
You now have 155 gold pieces (gained 12).
Key pressed, stopping explore.
No target in view!
Key pressed, stopping explore.
No target in view!
Key pressed, stopping explore.
No target in view!
You now have 167 gold pieces (gained 12).
Key pressed, stopping explore.
No target in view!
Found a stormy altar of Qazlal.
No target in view!
There is an open door here.
There is a stormy altar of Qazlal here.
There is an open door here.
A jelly comes into view.
The jelly quivers.
A jelly is nearby!
A jelly is nearby!
You bludgeon the jelly!
Your tentacles burn!
The jelly closely misses you.
You barely miss the jelly. The jelly hits you.
You are splashed with acid! 😕 HP[-8]
You take 8 damage, and now have 35/43 hp.
You tentacle-slap the jelly.
Your tentacles burn!
The jelly hits you. The acid corrodes you!
You are splashed with acid!
You bludgeon the jelly!
You kill the jelly!
Your Unarmed Combat skill increases to level 6! 😮 HP[-10]
You take 10 damage, and now have 25/43 hp.
MASSIVE DAMAGE!! (PAUSE)
You are too injured to fight recklessly! 😮 HP[+1]
You are no longer corroded.
An ogre comes into view.
It is wielding a +0 giant club. 😎 HP[+17]
Your hp is fully restored (43).
An ogre is nearby!
An ogre is nearby!
The ogre shouts!
You tentacle-slap the ogre but do no damage.
You squeeze the ogre.
The ogre hits you with a +0 giant club!!
Ouch! That really hurt!
* * * LOW HITPOINT WARNING * * *
😱 HP[-34]
You take 34 damage, and now have 9/43 hp.
MASSIVE DAMAGE!! (PAUSE)
You barely miss the ogre. 😱 HP[+1]
You tentacle-slap the ogre.
The ogre hits you with a +0 giant club!!
You die...

Skill      XL: |  1  2  3  4  5  6  7 |
---------------+----------------------+-----
Unarmed Combat | 4 5 6 |  6.0
Shapeshifting  | 4 5 |  5.5
Fighting       | |  1.0
Dodging        | |  2.0

Action                     |  1- 3 |  4- 6 |  7- 9 || total
---------------------------+-------+-------+-------++-------
  Melee: Unarmed           |    76 |    79 |    10 ||   165
         Constrict         |    13 |    16 |     1 ||    30
         Tentacles         |     3 |    17 |     2 ||    22
         Punch             |     2 |     2 |       ||     4
 Invoke: Curse Item        |       |     2 |       ||     2
    Use: Potion            |     1 |     2 |       ||     3
         Scroll            |     5 |       |       ||     5
   Stab: Sleeping          |     8 |     4 |       ||    12
 Armour: Skin              |    43 |    39 |     7 ||    89
  Dodge: Dodged            |    32 |    35 |     3 ||    70

Levels and vault maps discovered:
D:1:      amcnicky_arrival_underground_garden, layout_loops_ring,
          ebering_ecumenical_altar_abandoned, serial_shops, shop,
          hangedman_decor_clover_reticule
D:2:      layout_basic, serial_shops, nicolae_lakefront_shop, shop,
          nicolae_shop_gibbet_a_chance, minmay_misc_feat_x,
          serial_bayou_lagoon_a, minmay_lizard_pond
D:3:      layout_loops_cross, cheibrodos_ashenzari_chains, chei_slow_surprise
D:4:      layout_basic, temple_green, serial_glass, glass_columns_b,
          glass_columns_a, minmay_strange_pillars, due_unseen_surprise,
          minmay_strange_pillars
D:5:      layout_loops_ring, lemuel_doored_altar

Notes
Turn   | Place    | Note
-------+----------+-------------------------------------------
     0 | D:1      | ytrimaz the Octopode Shapeshifter began the quest for the
                  | Orb.
     0 | D:1      | Reached XP level 1. HP: 13/13 MP: 1/1
     0 | D:1      | magus.rc [v1.9.6]
    97 | D:1      | Reached XP level 2. HP: 13/18 MP: 2/2
   161 | D:1      | Found Wiameihe's General Store.
   182 | D:1      | You add the spells Passwall and Freezing Cloud to your
                  | library.
   182 | D:1      | Got the Parchment of Sandy Graupel
   268 | D:1      | Found a faded altar of an unknown god.
   900 | D:2      | Found Woceffoe's Antique Armour Emporium.
   938 | D:2      | Reached XP level 3. HP: 23/23 MP: 3/3
  1103 | D:2      | Found Tath's Magic Scroll Emporium.
  1113 | D:2      | Bought 3 scrolls of identify for 60 gold pieces
  1176 | D:2      | You pick up a book of Burglary and begin reading...
  1176 | D:2      | You add the spells Ensorcelled Hibernation and Swiftness to
                  | your library.
  1218 | D:2      | Found Lynkoag's Armour Shop.
  1512 | D:3      | Found a broken altar of Ashenzari.
  1583 | D:3      | Became a worshipper of Ashenzari the Shackled
  1690 | D:3      | Reached skill level 4 in Unarmed Combat
  1707 | D:3      | You add the spells Foxfire, Alistair's Intoxication and Orb
                  | of Destruction to your library.
  1707 | D:3      | Got the Enchiridion on Mighty Nausea
  1728 | D:3      | Reached XP level 4. HP: 28/28 MP: 4/4
  1915 | D:3      | Found a snail-covered altar of Cheibriados.
  2160 | D:4      | Reached skill level 4 in Shapeshifting
  2207 | D:4      | You pick up a book of Weapons and begin reading...
  2207 | D:4      | You add the spells Tukima's Dance, Dimensional Bullseye and
                  | Iskenderun's Mystic Blast to your library.
  2332 | D:4      | Reached XP level 5. HP: 33/33 MP: 5/5
  2546 | D:4      | Found a staircase to the Ecumenical Temple.
  2548 | D:4      | Noticed a phantom
  2561 | D:4      | Killed a phantom
  2562 | D:4      | Reached skill level 5 in Unarmed Combat
  2562 | D:4      | Reached XP level 6. HP: 20/38 MP: 6/6
  2583 | D:4      | You pick up a book of Cantrips and begin reading...
  2583 | D:4      | You add the spells Necrotise, Summon Small Mammal and
                  | Apportation to your library.
  2685 | D:5      | Entered Level 5 of the Dungeon
  2714 | D:5      | Reached skill level 5 in Shapeshifting
  2949 | D:5      | Reached * piety under Ashenzari
  2962 | D:5      | Reached XP level 7. HP: 34/43 MP: 7/7
  3122 | D:5      | Found a stormy altar of Qazlal.
  3138 | D:5      | Reached skill level 6 in Unarmed Combat
  3165 | D:5      | HP: 9/43 [ogre/+0 giant club (34)]
  3167 | D:5      | Mangled by an ogre

Vanquished Creatures
  A phantom (D:4)
  A scorpion (D:5)
  A hound (D:5)
  3 jellies
  2 iguanas (D:5)
  An orc priest (D:4)
  A sleepcap (D:4)
  4 adders
  3 white imps
  An ufetubus (D:5)
  A worm (D:3)
  3 dart slugs
  10 orcs
  4 bats
  2 endoplasms
  6 goblins
  6 hobgoblins
  3 kobolds
  A quokka (D:2)
  5 ball pythons
  7 frilled lizards (D:2)
  3 rats
69 creatures vanquished.

Table legend:
 A = Non-vault XP
 B = Vault XP
 C = Vault XP percentage of total XP
 D = Non-vault monster count
 E = Vault monster count
 F = Vault count percentage of total count
                 A         B        C        D         E       F
            +---------+---------+-------+---------+---------+-------
      Total |     702 |       6 |   0.8 |      63 |       6 |   8.7
            +---------+---------+-------+---------+---------+-------
        D:1 |      18 |       0 |   0.0 |      10 |       0 |   0.0
        D:2 |      31 |       6 |  16.2 |      12 |       6 |  33.3
        D:3 |      43 |       0 |   0.0 |      16 |       0 |   0.0
        D:4 |     280 |       0 |   0.0 |      15 |       0 |   0.0
        D:5 |     330 |       0 |   0.0 |      10 |       0 |   0.0
            +---------+---------+-------+---------+---------+-------

Skill      XL: |  1  2  3  4  5  6  7 |
---------------+----------------------+-----
Unarmed Combat | 4 5 6 |  6.0
Shapeshifting  | 4 5 |  5.5
Fighting       | |  1.0
Dodging        | |  2.0

Action                     |  1- 3 |  4- 6 |  7- 9 || total
---------------------------+-------+-------+-------++-------
  Melee: Unarmed           |    76 |    79 |    10 ||   165
         Constrict         |    13 |    16 |     1 ||    30
         Tentacles         |     3 |    17 |     2 ||    22
         Punch             |     2 |     2 |       ||     4
 Invoke: Curse Item        |       |     2 |       ||     2
    Use: Potion            |     1 |     2 |       ||     3
         Scroll            |     5 |       |       ||     5
   Stab: Sleeping          |     8 |     4 |       ||    12
 Armour: Skin              |    43 |    39 |     7 ||    89
  Dodge: Dodged            |    32 |    35 |     3 ||    70

Illustrated notes

Table legend:
 A = Kills in this place as a percentage of kills in the entire game.
 B = Kills by you in this place as a percentage of kills by you in the entire game.
 C = Kills by friends in this place as a percentage of kills by friends in the entire game.
 D = Other kills in this place as a percentage of other kills in the entire game.
 E = Experience gained in this place as a percentage of experience gained in the entire game.
 F = Experience gained in this place divided by the number of levels of this place that you have seen.
                   A       B       C       D       E      F
               +-------+-------+-------+-------+-------+----------------------
         Total | 100.0 | 100.0 |   N/A |   N/A | 100.0 | 141.6
       Dungeon | 100.0 | 100.0 |   N/A |   N/A | 100.0 | 141.6
               +-------+-------+-------+-------+-------+----------------------

Table legend: (Time is in decaauts)
 A = Elapsed time spent in this place.
 B = Non-inter-level travel time spent in this place.
 C = Inter-level travel time spent in this place.
 D = Time resting spent in this place.
 E = Time spent auto-exploring this place.
 F = Levels seen in this place.
 G = Mean time per level.
                   A        B        C        D        E       F      G
               +--------+--------+--------+--------+--------+-----+--------+
         Total |   3151 |   3037 |    114 |     41 |   2476 |   5 |  630.2 |
       Dungeon |   3151 |   3037 |    114 |     41 |   2476 |   5 |  630.2 |
               +--------+--------+--------+--------+--------+-----+--------+

Top non-repeatable levels by time:
     D:2: 747 daAuts
     D:3: 701 daAuts
     D:1: 681 daAuts
     D:4: 543 daAuts
     D:5: 477 daAuts
